 Dungeon Crawl Stone Soup version bcrawl-1.39.1 (webtiles) character file.

Game seed: 8405375906661025102

7461665 Grijm the Warrior (level 20, -16/178 HPs)
             Began as a Red Draconian Reaver on Oct 5, 2023.
             Was the Champion of Vehumet.
             Blown up by a great orb of eyes (32 damage)
             ... with a bolt of energy
             ... on level 2 of the Depths on Oct 7, 2023.
             The game lasted 03:18:06 (54203 turns).

Grijm the Warrior (Red Draconian Reaver)           Turns: 54203, Time: 03:18:07

Health: -16/178    AC: 17    Str: 15    XL:     20   Next: 3%
Magic:  9/36       EV: 17    Int: 21    God:    Vehumet [******]
Gold:   1809       SH:  5    Dex: 11    Spells: 9/44 levels left

rFire    + . .     GDR:     23% s - +8 storm bow {lightning, rElec Stlth-}
rCold    + . .     SeeInvis +   (shield currently unavailable)
rNeg     . . .     Gourm    .   (armour unavailable)
rPois    .         Faith    .   M - +0 hat
rElec    +         Spirit   .   f - +1 cloak {+Inv}
rCorr    .         Reflect  +   X - +1 pair of gloves {archery}
MR       +....                  V - +2 pair of boots
Stlth    ..........             q - +5 amulet of reflection
HPRegen  0.39/turn              D - ring of the Lobster {+Fly rC+}
MPRegen  0.25/turn              z - ring of see invisible

@: short of breath, flying
A: breathe fire, unfitting armour, big wings, fire resistance 1, mutation
resistance 1, cold-blooded, AC +10
}: 2/15 runes: barnacled, gossamer
a: Breathe Fire, Stop Flying, Renounce Religion, Evoke Invisibility


You were on level 2 of the Depths.
You worshipped Vehumet.
Vehumet was exalted by your worship.
You were hungry.

You visited 7 branches of the dungeon, and saw 28 of its levels.
You also visited: Ossuary, Bailey, Ice Cave and Volcano.

You collected 3587 gold pieces.
You spent 1778 gold pieces at shops.

Inventory:

Hand Weapons
 a - a +7 dagger of electrocution
 s - the +8 storm bow (weapon) {lightning, rElec Stlth-}
   (You found it on level 1 of the Lair of Beasts)

   It insulates you from electricity.
   It makes you less stealthy.
Missiles
 w - 4 throwing nets {=f}
 B - 2784 poisoned tomahawks
 K - 2921 arrows (quivered)
Armour
 f - a +1 cloak of invisibility (worn)
 i - a scarf of stasis
 M - a +0 hat (worn)
 V - a +2 pair of boots (worn)
 X - a +1 pair of gloves of archery (worn)
Jewellery
 j - the amulet of Xolaph {RegenMP Str+6}
   (You found it in an ice cave)

   [amulet of magic regeneration]

   It increases your magic regeneration.
   It affects your strength (+6).
 q - a +5 amulet of reflection (around neck)
 y - an uncursed amulet of regeneration
 z - a ring of see invisible (right hand)
 D - the ring of the Lobster (left hand) {+Fly rC+}
   (You found it on level 7 of the Dungeon)

   [ring of flight]

   It protects you from cold.
   It lets you fly.
 H - the amulet "Laghe" {Inacc MR+}
   (You found it on level 7 of the Dungeon)

   [amulet of inaccuracy]

   It reduces the accuracy of all your attacks.
   It affects your resistance to hostile enchantments.
 P - an uncursed ring of resist corrosion
Wands
 N - a wand of charming (7)
 R - a wand of digging (21)
 S - a wand of acid (4)
 T - a wand of paralysis (38)
 U - a wand of iceblast (10)
Scrolls
 c - 6 scrolls of immolation
 g - 14 scrolls of remove curse
 k - 3 scrolls of teleportation
 l - 4 scrolls of amnesia
 m - a scroll of noise
 n - a scroll of vulnerability
 u - 5 scrolls of revelation
 v - 2 scrolls of blinking
 A - a scroll of fear
 Q - a scroll of summoning
Potions
 b - 6 potions of haste
 d - 6 potions of mutation
 o - 3 potions of berserk rage
 r - 2 potions of agility
 t - 4 potions of brilliance
 x - 3 potions of lignification
 C - 13 potions of might
 E - 3 potions of flight
 J - 4 potions of magic
 L - a potion of ambrosia
 W - a potion of resistance
Comestibles
 e - 26 rations {!d}


   Skills:
 - Level 15.0 Fighting
 - Level 9.2(10.0) Short Blades
   Level 6.0(8.4) Long Blades
 - Level 14.0 Bows
 - Level 1.0 Throwing
 - Level 12.0 Dodging
 + Level 12.5 Spellcasting
 - Level 15.0 Conjurations
 - Level 4.0 Charms
 - Level 2.0 Translocations
 + Level 11.8 Fire Magic
 - Level 10.0 Evocations


You had 9 spell levels left.
You knew the following spells:

 Your Spells              Type           Power        Failure   Level  Hunger
a - Magic Dart            Conj           ####         0%          1    None
b - Blink                 Tloc           N/A          3%          2    None
c - Fire Storm            Conj/Fire      ######....   99%         9    #######
e - Orb of Destruction    Conj           ######....   2%          7    ######.
f - Iskenderun's Battles  Conj/Chrm      ######..     1%          5    ##.....
g - Mephitic Cloud        Conj/Pois/Air  ####....     1%          3    None
h - Ignition              Fire           ######....   52%         8    #######

Your spell library contained the following spells:

 Spells                   Type           Power        Failure   Level  Hunger
 Chain Lightning          Conj/Air       #####.....   97%         8    #######
 Lehudib's Crystal Spear  Conj/Erth      #####.....   97%         8    #######
 Infusion                 Chrm           ####....     1%          1    None
 Sandblast                Erth           ##....       1%          1    None
 Conjure Flame            Conj/Fire      ######..     1%          3    None
 Ignite Poison            Fire/Tmut/Pois ####....     1%          3    None
 Sticky Flame             Conj/Fire      ######..     1%          4    None
 Apportation              Tloc           ###...       2%          1    None
 Blink Other              Tloc           ###...       2%          1    None
 Corona                   Hex            ##.....      4%          1    None
 Necrotize                Necr           ##....       4%          1    None
 Slow                     Hex            ##......     4%          1    None
 Summon Butterflies       Summ           ##......     4%          1    None
 Steam Barrier            Chrm/Fire      #####.....   5%          5    ##.....
 Beckoning                Tloc           ###.......   7%          3    None
 Portal Projectile        Tloc           ###...       7%          3    None
 Teleport Other           Tloc           ###.....     7%          3    None
 Call Imp                 Summ           ##....       8%          2    None
 Passwall                 Tmut/Erth      ##......     8%          2    None
 Poisonous Vapours        Pois/Air       ##....       8%          2    None
 Sublimation of Blood     Necr           ##........   8%          2    None
 Conjure Ball Lightning   Conj/Air       #####.....   10%         6    ####...
 Poison Arrow             Conj/Pois      #####.....   10%         6    ####...
 Call Canine Familiar     Summ           ##......     16%         3    None
 Spider Form              Tmut/Pois      ##.          16%         3    None
 Tukima's Dance           Hex            ##......     16%         3    None
 Vampiric Draining        Necr           ##........   16%         3    None
 Freezing Cloud           Ice/Air        ##......     34%         5    ##.....
 Icicle Burst             Conj/Ice       #####.....   43%         7    ######.
 Agony                    Necr           ##......     45%         4    None
 Animate Dead             Necr           N/A          45%         4    None
 Olgreb's Toxic Radiance  Pois           ##.......    45%         4    None
 Petrify                  Tmut/Erth      ##........   45%         4    None
 Summon Ice Beast         Ice/Summ       ##......     45%         4    None
 Passage of Golubria      Tloc           N/A          52%         5    ##.....
 Dispel Undead            Necr           ##......     80%         5    ##.....
 Summon Mana Viper        Hex/Summ       ##......     80%         5    ##.....
 Ozocubu's Refrigeration  Ice            ##........   86%         6    ####...
 Deflect Missiles         Chrm/Air       ###.......   98%         6    ####...
 Invisibility             Hex            ##......     100%        6    ####...
 Summon Hydra             Summ           ##........   100%        6    ####...
 Virulence                Hex/Pois       ##......     100%        6    ####...
 Monstrous Menagerie      Summ           ##........   100%        7    ######.
 Necromutation            Tmut/Necr      ##......     100%        8    #######
 Tornado                  Tloc/Air       ###.......   100%        8    #######
 Shatter                  Erth           ##........   100%        9    #######


Dungeon Overview and Level Annotations

Branches:
Dungeon (12/12)            Temple (0/1) D:6            Lair (6/6) D:8
 Shoals (3/3) Lair:3       Spider (3/3) Lair:4        Slime (0/5) Orc
    Orc (1/1) D:9          Vaults (1/3) D:12         Forest (0/3) Lair:6
 Depths (2/5) D:12
  Crypt: Vaults:1-2

Altars:
Cheibriados
Elyvilon
Fedhas
Gozag
Hepliaklqana
Lugonu
Okawaru
Ru
Xom
Jiyva

Shops:
D:4 !?   D:5 [   D:6 ?   Orc %%([   Shoals:1 (!*

Portals:
Hell: Depths:1
Abyss: Depths:1
Pandemonium: Depths:1
Trove: D:8 (give 8 potions of heal wounds)

Annotations:
D:3 3 runed translucent doors, Sap's ghost, amateur OpFi
Lair:4 1 runed door
Lair:6 exclusion: obsidian statue
Shoals:1 2 runed translucent doors, Sap's ghost, journeyman TrMo
Spider:1 exclusion: orange crystal statue
Spider:2 exclusion: downstairs
Spider:3 exclusion: 2 orange crystal statues
Vaults:1 Asterion; Saint Roka
Depths:1 6 runed doors


Innate Abilities, Weirdness & Mutations

You can breathe blasts of fire.
Your fiery red scales are hard. (AC +10)
You cannot fit into any form of body armour.
Your flesh is heat resistant. (rF+)
You are cold-blooded and may be slowed by cold attacks.
Your large and strong wings let you fly indefinitely.
You are somewhat resistant to further mutation.


Message History

The great orb of eyes barely misses you.
Firing (i - inventory. (/) - cycle)
K - 2922 arrows (quivered)
Press: ? - help, Shift-Dir - straight line, f/p - great orb of eyes
Aim: a great orb of eyes (heavily wounded)
You shoot an arrow.
Your magical effects are unravelling.
You feel magically purged.
You feel less confused.
The great orb of eyes barely misses you.
Use which ability? (? or * to list)
Press: ? - help, Shift-Dir - straight line, f/p - great orb of eyes
Aim: a great orb of eyes (heavily wounded)
You breathe a blast of fire!
The fiery breath hits the great orb of eyes!
The great orb of eyes is severely wounded.
You feel somewhat more hungry.
The great orb of eyes is engulfed in blazing flames.
The great orb of eyes gazes at you. The bolt of energy hits you!!
You die...

#'###'#'#
#.#>'.#.#
#'#'#'#'#
#.#.#.#.#
#'#'#'#'#
#.#.#.#.#
#####'### .#
###..## .#
#.@...###.###.
#G###.........
#. #......#..
.. ##........
##. #.........
.. ##..≈≈≈≈≈≈≈
#. #..≈≈#####≈
#. #..≈∩#
##.≈##


You could see a great orb of eyes.

Vanquished Creatures
  Frederick (Vaults:1)
  A rockslime (Depths:1)
  Rupert (Vaults:1)
  Polyphemus (Shoals:3)
  A kraken (Shoals:3)
  An ancient champion (Vaults:1)
  Kirke (Lair:5)
  A storm dragon (D:9)
  A tengu reaver (Vaults:1)
  3 frost giants
  3 fire giants
  A vault warden (Vaults:1)
  4 emperor scorpions
  4 ghost moths
  2 orc warlords (Vaults:1)
  An ironheart preserver (Vaults:1)
  A stone giant (Depths:1)
  6 very ugly things
  3 jiangshi (Depths:1)
  A reaper (Depths:1)
  A deep elf annihilator (Depths:2)
  3 dire elephants (Lair:6)
  2 spark wasps
  3 entropy weavers
  2 ettins
  5 merfolk javelineers
  Urug (Lair:5)
  A fire dragon (Depths:1)
  10 merfolk impalers
  A yaktaur captain (D:12)
  An ice dragon (Depths:1)
  3 merfolk avatars
  4 great orbs of eyes
  4 hydras
  3 merfolk aquamancers
  A queen ant (Lair:3)
  A death knight (D:10)
  2 catoblepae
  2 ogre magi
  3 deep troll shamans (Depths:1)
  7 two-headed ogres
  13 death yaks
  2 deep troll earth magi (Depths:1)
  A satyr (Shoals:3)
  2 tengu warriors (D:12)
  9 sea snakes
  2 vampire magi
  5 orc high priests (Orc)
  2 spectral dire elephants (Lair:6)
  A spectral death yak (Lair:6)
  A skeletal warrior (D:12)
  21 centaur warriors
  An iron troll (Depths:1)
  A spectral anaconda (Lair:6)
  5 deep trolls
  5 wizards
  An unseen horror (D:8)
  2 glowing orange brains (Depths:1)
  An ironheart convoker (Vaults:1)
  A quicksilver dragon simulacrum (Depths:1)
  2 lindwurms (Volcano)
  2 wolf spider zombies
  A phantasmal warrior (D:10)
  3 cyclopes
  10 orc knights
  5 necromancers
  A toenail golem (Volcano)
  2 harpies (Shoals:3)
  13 orb spiders
  19 wolf spiders
  3 fauns
  5 oklob plants
  A frost giant zombie (D:12)
  A fire giant zombie (Depths:1)
  5 manticores
  6 slime creatures (Vaults:1)
  3 deep elf magi
  3 moths of wrath
  20 ugly things
  12 black mambas
  17 elephants (Lair:6)
  11 merfolk sirens
  13 cane toads
  3 molten gargoyles (Volcano)
  2 rust devils (Depths:1)
  An ice statue (IceCv)
  2 stone giant skeletons (D:12)
  4 water nymphs
  An orange demon (Depths:1)
  A vault sentinel (Vaults:1)
  2 gargoyles (D:12)
  Joseph (D:7)
  20 jumping spiders
  11 demonic crawlers
  2 efreet (Volcano)
  14 yaktaurs
  A yaktaur zombie (D:12)
  2 rime drakes (Lair:6)
  2 kobold demonologists
  2 eyes of draining
  2 freezing wraiths
  A guardian mummy (D:12)
  An ice devil (Depths:1)
  6 komodo dragons
  29 merfolk
  A queen bee (shapeshifter) (Depths:1)
  A queen bee (Lair:5)
  3 wind drakes
  6 trolls
  A polar bear (shapeshifter) (Depths:1)
  8 hornets
  4 harpy skeletons
  4 snapping turtles
  16 polar bears (IceCv)
  2 spectral elephants (Lair:6)
  2 meliai zombies
  18 blink frogs
  4 dream sheep (Lair:6)
  9 hippogriffs
  A fire dragon zombie (Depths:1)
  20 tarantellas
  3 wraiths
  2 shadows
  47 yaks
  3 water elementals
  9 hogs
  A wyvern (D:12)
  A human (D:7)
  2 basilisks
  4 hungry ghosts
  36 redbacks
  2 death yak simulacra (Lair:6)
  7 fire elementals (Volcano)
  A vampire mosquito (D:10)
  3 wargs
  Menkaure (D:7)
  Edmund (D:4)
  3 spectral cane toads (Lair:6)
  2 acid dragons
  9 crocodiles
  4 water moccasins
  12 porcupines
  A hornet zombie (D:10)
  2 black bears
  6 soldier ants (Lair:3)
  41 orc warriors
  2 sky beasts
  13 ice beasts
  A phantom (D:6)
  3 boggarts (Depths:2)
  15 ogres
  A necrophage (D:7)
  4 elephant zombies (Lair:6)
  24 wolves
  2 elephant skeletons (Lair:6)
  4 kobold brigands
  13 bullfrogs
  A rime drake skeleton (D:10)
  2 earth elementals (Volcano)
  2 gnoll sergeants (D:9)
  3 cane toad simulacra (Lair:6)
  An ogre simulacrum (Vaults:1)
  6 centaurs
  A hornet simulacrum (D:10)
  7 scorpions
  11 wights
  39 killer bees
  An elephant simulacrum (Lair:6)
  2 electric eels (Spider:2)
  25 orc priests
  4 jellies
  5 crimson imps
  A quasit (Depths:1)
  6 hounds
  A human zombie (Ossuary)
  A gnoll shaman (D:8)
  A bullfrog skeleton (D:8)
  4 iguanas
  Ijyb (D:5)
  41 worker ants
  16 orc wizards
  2 hound zombies
  3 hound skeletons
  2 mummies (Ossuary)
  2 worker ant zombies (D:6)
  2 howler monkey zombies
  25 gnolls
  9 adders
  3 shadow imps
  5 white imps
  An ufetubus (Depths:1)
  An ooze (D:6)
  4 adder skeletons
  2 adder zombies
  2 worms
  2 leopard geckos
  83 orcs
  7 giant cockroaches
  4 goblins
  19 hobgoblins
  15 jackals
  6 quokkas
  4 bats
  4 frilled lizards
  2 goblin zombies (Ossuary)
  8 hobgoblin zombies (Ossuary)
  3 jackal zombies (Ossuary)
  17 kobolds
  13 kobold zombies (Ossuary)
  7 orc zombies (Ossuary)
  3 rats
  2 rat zombies (Ossuary)
  9 ball lightnings
  A fire vortex (Volcano)
  11 fungi
  26 plants
  4 tentacles (Shoals:3)
  6 withered plants
1328 creatures vanquished.

Vanquished Creatures (collateral kills)
  A jumping spider (Spider:3)
  7 ball lightnings
8 creatures vanquished.

Vanquished Creatures (others)
  A two-headed ogre (D:11)
  2 yaktaurs
  A shadow (D:11)
  A hound (D:6)
  835 ball lightnings
  75 bushes (Depths:1)
  20 fungi
  21 plants
  21 tentacles (Shoals:3)
  10 toadstools (Lair:4)
  14 withered plants
1001 creatures vanquished.

Grand Total: 2337 creatures vanquished

Notes
Turn   | Place    | Note
-------+----------+-------------------------------------------
     0 | D:1      | Grijm the Draconian Reaver began the quest for the Orb.
     0 | D:1      | Reached XP level 1. HP: 19/19 MP: 3/3
   283 | D:1      | Reached XP level 2. HP: 26/26 MP: 5/5
   771 | D:2      | Reached * piety under Vehumet
   771 | D:2      | Offered knowledge of Sting by Vehumet.
   912 | D:2      | Reached XP level 3. HP: 32/33 MP: 6/6
  1494 | D:2      | Found a faded altar of an unknown god.
  1950 | D:3      | Reached XP level 4. HP: 17/40 MP: 7/7
  2112 | D:3      | Noticed Sap's ghost (amateur OpFi)
  2114 | D:3      | Noticed an ice beast
  2119 | D:3      | Found a runed translucent gate.
  2119 | D:3      | Found a runed translucent gate.
  2119 | D:3      | Found a runed translucent gate.
  2434 | D:4      | Noticed a sky beast
  2519 | D:4      | Found an opulent altar of Gozag.
  2519 | D:4      | Found an iron altar of Okawaru.
  2568 | D:4      | Found Bajewn's Distillery.
  2605 | D:4      | Found a sand-covered staircase.
  2614 | Ossuary  | Entered an ossuary
  2739 | Ossuary  | Reached ** piety under Vehumet
  2778 | Ossuary  | Offered knowledge of Magic Dart by Vehumet.
  2782 | Ossuary  | Learned a level 1 spell: Magic Dart
  2972 | Ossuary  | Reached XP level 5. HP: 37/46 MP: 9/9
  3342 | D:4      | Reached skill level 5 in Long Blades
  3357 | D:4      | Offered knowledge of Iskenderun's Mystic Blast by Vehumet.
  3367 | D:4      | Learned a level 5 spell: Iskenderun's Battlesphere
  3428 | D:4      | Found Noilaogi's Magic Scroll Emporium.
  3436 | D:4      | Bought a scroll of fog for 24 gold pieces
  3436 | D:4      | Bought a scroll of revelation for 48 gold pieces
  3436 | D:4      | Bought a scroll of blinking for 90 gold pieces
  3471 | D:4      | Bought a potion of lignification for 42 gold pieces
  3516 | D:4      | Found a sacrificial altar of Ru.
  3580 | D:4      | Noticed Edmund
  3690 | D:3      | Reached skill level 1 in Throwing
  3709 | D:3      | Reached XP level 6. HP: 20/52 MP: 10/10
  4019 | D:4      | Reached *** piety under Vehumet
  4268 | D:4      | Killed a sky beast
  4269 | D:4      | Reached skill level 1 in Conjurations
  4269 | D:4      | Reached skill level 1 in Charms
  5005 | D:5      | Entered Level 5 of the Dungeon
  5050 | D:5      | Your scales start taking on a fiery red colour.
  5050 | D:5      | Reached XP level 7. HP: 58/59 MP: 6/12
  5050 | D:5      | Gained mutation: Your flesh is heat resistant. (rF+) [Red
                  | Draconian growth]
  5237 | D:4      | Found Noilaogi's Magic Scroll Emporium.
  5287 | D:4      | Found Bajewn's Distillery.
  5298 | D:4      | Killed Edmund
  5449 | D:5      | Noticed Ijyb
  5489 | D:5      | Killed Ijyb
  5555 | D:5      | Learned a level 3 spell: Iskenderun's Mystic Blast
  5584 | D:5      | Found a blossoming altar of Fedhas.
  5636 | D:5      | Found a shimmering altar of Xom.
  5909 | D:5      | Reached XP level 8. HP: 66/66 MP: 14/14
  5936 | D:5      | Found Umoclog's Armour Shoppe.
  6784 | D:6      | Offered knowledge of Lightning Bolt by Vehumet.
  6785 | D:6      | Reached skill level 5 in Spellcasting
  6790 | D:6      | Learned a level 4 spell: Lightning Bolt
  6831 | D:6      | Reached skill level 5 in Conjurations
  6981 | D:6      | Noticed a two-headed ogre
  6985 | D:6      | Noticed a jumping spider
  6985 | D:6      | a two-headed ogre changed into a jumping spider
  6994 | D:6      | Killed a jumping spider
  7067 | D:6      | Reached XP level 9. HP: 71/71 MP: 16/16
  7171 | D:6      | Found Kutum's Magic Scroll Emporium.
  7180 | D:6      | Bought a scroll of fear for 55 gold pieces
  7180 | D:6      | Bought a scroll of blinking for 82 gold pieces
  7726 | D:6      | Reached skill level 1 in Short Blades
  7941 | D:6      | Found a staircase to the Ecumenical Temple.
  7964 | D:6      | Reached **** piety under Vehumet
  8504 | D:6      | Found Kutum's Magic Scroll Emporium.
  8583 | D:6      | Found a staircase to the Ecumenical Temple.
  8872 | D:7      | Offered knowledge of Irradiate by Vehumet.
  9799 | D:7      | Got a warped silver ring
  9809 | D:7      | Identified the ring of the Lobster {+Fly rC+} (You found it
                  | on level 7 of the Dungeon)
  9875 | D:7      | Noticed Joseph
  9887 | D:7      | Killed Joseph
  9969 | D:7      | Got an ancient golden amulet
  9972 | D:7      | Noticed a troll
  9982 | D:7      | Killed a troll
  9983 | D:7      | Reached skill level 10 in Conjurations
  9983 | D:7      | Reached XP level 10. HP: 80/80 MP: 11/17
 10035 | D:7      | Noticed Menkaure
 10039 | D:7      | Killed Menkaure
 10219 | D:7      | Reached skill level 5 in Fighting
 10498 | D:8      | Found an iron altar of Okawaru.
 10518 | D:8      | Reached ***** piety under Vehumet
 10521 | D:8      | Offered knowledge of Venom Bolt by Vehumet.
 10633 | D:8      | Gained mutation: Your large and strong wings let you fly
                  | indefinitely. [potion of mutation]
 10633 | D:8      | Gained mutation: You are somewhat resistant to further
                  | mutation. [potion of mutation]
 10636 | D:8      | HP: 1/86 [something (10)]
 10642 | D:8      | HP: 2/86 [orc/+0 hand axe (8)]
 10905 | D:8      | Found a snail-covered altar of Cheibriados.
 10924 | D:8      | Noticed a cyclops
 10926 | D:8      | Noticed a deep troll
 10926 | D:8      | a cyclops changed into a deep troll
 10935 | D:8      | Killed a deep troll
 11032 | D:8      | Learned a level 3 spell: Conjure Flame
 11036 | D:8      | Learned a level 3 spell: Mephitic Cloud
 11069 | D:8      | Found a flagged portal.
 11077 | Bailey   | Entered a bailey
 11433 | Bailey   | Noticed an orc knight
 11475 | Bailey   | Killed an orc knight
 12143 | D:8      | Found a portal to a secret trove of treasure.
 12303 | D:8      | Noticed a two-headed ogre
 12314 | D:8      | Killed a two-headed ogre
 12395 | D:8      | Reached XP level 11. HP: 90/94 MP: 23/23
 12568 | D:8      | Found a staircase to the Lair.
 12726 | D:8      | Found a corrupted altar of Lugonu.
 12898 | D:8      | Found a hazy altar of Hepliaklqana.
 12933 | D:8      | Killed an unseen horror
 13291 | Lair:1   | Entered Level 1 of the Lair of Beasts
 13576 | Lair:1   | Identified the cursed amulet "Laghe" {Inacc MR+} (You found
                  | it on level 7 of the Dungeon)
 13646 | Lair:1   | Noticed a five-headed hydra
 13702 | Lair:1   | Killed a five-headed hydra
 14100 | Lair:1   | Noticed an oklob plant
 14182 | Lair:1   | Killed an oklob plant
 14232 | Lair:1   | Noticed an oklob plant
 14310 | Lair:1   | Killed an oklob plant
 14311 | Lair:1   | Reached skill level 10 in Spellcasting
 14400 | Lair:1   | Noticed an oklob plant
 14402 | Lair:1   | Noticed an oklob plant
 14409 | Lair:1   | Killed an oklob plant
 14410 | Lair:1   | Reached skill level 5 in Short Blades
 14520 | Lair:1   | Killed an oklob plant
 14642 | Lair:1   | Found the +8 storm bow {lightning, rElec Stlth-}
 16106 | Lair:2   | Reached skill level 1 in Bows
 17009 | Lair:2   | Reached XP level 12. HP: 100/105 MP: 26/26
 17345 | Lair:3   | Noticed a six-headed hydra
 17351 | Lair:3   | Killed a six-headed hydra
 17425 | Lair:3   | Noticed a death yak
 17426 | Lair:3   | Noticed a death yak
 17451 | Lair:3   | Killed a death yak
 17482 | Lair:3   | Killed a death yak
 17483 | Lair:3   | Reached skill level 10 in Fighting
 17727 | Lair:3   | Reached skill level 5 in Bows
 17936 | Lair:3   | Noticed a queen ant
 17947 | Lair:3   | Killed a queen ant
 18053 | Lair:3   | Noticed a death yak
 18067 | Lair:3   | Noticed a death yak
 18071 | Lair:3   | Killed a death yak
 18074 | Lair:3   | Killed a death yak
 18366 | Lair:3   | Found a staircase to the Shoals.
 18858 | Lair:4   | Offered knowledge of Bolt of Fire by Vehumet.
 19229 | Lair:4   | Reached XP level 13. HP: 92/113 MP: 27/27
 19818 | Lair:4   | Found a runed door.
 19973 | Lair:4   | Found a hole to the Spider Nest.
 20779 | Lair:5   | Noticed Kirke
 20842 | Lair:5   | Killed Kirke
 20993 | Lair:5   | Reached skill level 10 in Bows
 21016 | Lair:5   | Found a hazy altar of Hepliaklqana.
 21166 | Lair:5   | Noticed Urug
 21274 | Lair:5   | Killed Urug
 22388 | Lair:6   | Entered Level 6 of the Lair of Beasts
 23029 | Lair:6   | Found a dark tunnel.
 23035 | Volcano  | Entered a volcano
 23405 | Volcano  | Reached XP level 14. HP: 111/121 MP: 26/28
 23613 | Volcano  | Offered knowledge of Bolt of Magma by Vehumet.
 24369 | Lair:6   | Found a staircase to the Spriggan Forest.
 24492 | Lair:6   | Identified the Compendium of the Evil Mountains
 25745 | Lair:6   | Reached skill level 5 in Dodging
 26466 | D:9      | Found a white marble altar of Elyvilon.
 26842 | D:9      | Noticed a storm dragon
 27047 | D:9      | Offered knowledge of Bolt of Cold by Vehumet.
 27553 | D:9      | Killed a storm dragon
 27718 | D:9      | Found a staircase to the Orcish Mines.
 27800 | D:10     | Entered Level 10 of the Dungeon
 28203 | D:10     | Got a crude long sword
 28616 | D:10     | Reached XP level 15. HP: 120/126 MP: 29/29
 28947 | D:10     | Identified the Tome of Poisonous Earth
 29148 | D:11     | Found a frozen archway.
 29160 | D:11     | Reached skill level 10 in Dodging
 29187 | IceCv    | Entered an ice cave
 29205 | IceCv    | Reached skill level 1 in Evocations
 29309 | IceCv    | Offered knowledge of Conjure Ball Lightning by Vehumet.
 29732 | IceCv    | Reached ****** piety under Vehumet
 29789 | IceCv    | Got a faintly glowing platinum amulet
 29793 | IceCv    | Identified the amulet of Xolaph {RegenMP Str+6} (You found
                  | it in an ice cave)
 30057 | IceCv    | Noticed a frost giant
 30066 | IceCv    | Reached skill level 5 in Evocations
 30075 | IceCv    | Killed a frost giant
 30163 | IceCv    | Found the +6 scimitar of Flaming Death {sticky flame, rF++
                  | rC- MR+}
 30163 | IceCv    | Got a vibrating amber ring
 30172 | IceCv    | Identified the ring "Magret" {Ice *Contam rN+ Slay+2} (You
                  | found it in an ice cave)
 30277 | IceCv    | Got a slimy tin ring
 30278 | IceCv    | Identified the cursed ring "Nent" {Ice rN+ MP-9 Int+4} (You
                  | found it in an ice cave)
 30396 | D:11     | Learned a level 8 spell: Ignition
 30433 | D:11     | Noticed a fire giant
 30441 | D:11     | Killed a fire giant
 30715 | D:11     | Got a steaming copper amulet
 30716 | D:11     | Identified the amulet "Sekheul" {Inacc rF+} (You found it
                  | on level 11 of the Dungeon)
 30740 | D:11     | Offered knowledge of Orb of Destruction by Vehumet.
 30757 | D:11     | Learned a level 7 spell: Orb of Destruction
 31293 | D:12     | Entered Level 12 of the Dungeon
 31496 | D:12     | Found a gate to the Vaults.
 32046 | D:12     | Found a staircase to the Depths.
 33066 | Orc      | Entered the Orcish Mines
 33071 | Orc      | Found a staircase to the Slime Pits.
 33072 | Orc      | Found a viscous altar of Jiyva.
 33218 | Orc      | Reached skill level 10 in Evocations
 33361 | Orc      | Offered knowledge of Iron Shot by Vehumet.
 33459 | Orc      | Reached XP level 16. HP: 136/136 MP: 30/30
 34167 | Orc      | Found Janeog's Food Shoppe.
 34170 | Orc      | Found Gogrot's Armour Shoppe.
 34173 | Orc      | Found Loantoph's Weapon Emporium.
 34174 | Orc      | Found Hukkeocai's Food Shoppe.
 34183 | Orc      | Bought a +0 cloak of invisibility for 138 gold pieces
 34507 | Spider:1 | Entered Level 1 of the Spider Nest
 36235 | Spider:2 | Got a jewelled great mace
 36675 | Spider:3 | Entered Level 3 of the Spider Nest
 36696 | Spider:2 | Offered knowledge of Lehudib's Crystal Spear by Vehumet.
 36696 | Spider:2 | Offered knowledge of Fire Storm by Vehumet.
 36696 | Spider:2 | Offered knowledge of Chain Lightning by Vehumet.
 36888 | Spider:2 | HP: 7/145 [poisoned by a wolf spider]
 36893 | Spider:2 | HP: 6/145 [poisoned by a wolf spider]
 36901 | Spider:2 | HP: 6/145 [poisoned by a wolf spider]
 39098 | Spider:2 | Reached skill level 15 in Fighting
 40116 | Spider:3 | Reached XP level 17. HP: 156/156 MP: 31/31
 41166 | Spider:3 | Identified 2 scrolls of acquirement
 41166 | Spider:3 | Identified the cursed +1 great mace of Eternal War
                  | {protect, Int+7} (You found it on level 2 of the Spider
                  | Nest)
 41166 | Spider:3 | Got a gossamer rune of Zot
 41435 | Shoals:1 | Entered Level 1 of the Shoals
 41435 | Shoals:1 | Found Vephufuff's Assorted Antiques.
 41697 | Shoals:1 | Bought a potion of curing for 62 gold pieces
 41697 | Shoals:1 | Bought a scroll of fog for 50 gold pieces
 41697 | Shoals:1 | Bought a scroll labeled WOLOTA ATUSMO for 25 gold pieces
 41709 | Shoals:1 | Found Cupp's Distillery.
 41717 | Shoals:1 | Bought a potion of brilliance for 60 gold pieces
 41717 | Shoals:1 | Bought a potion of heal wounds for 75 gold pieces
 41717 | Shoals:1 | Bought a potion of curing for 37 gold pieces
 41717 | Shoals:1 | Bought a potion of haste for 150 gold pieces
 41717 | Shoals:1 | Bought a potion of curing for 37 gold pieces
 41717 | Shoals:1 | Bought 2 potions of heal wounds for 150 gold pieces
 41717 | Shoals:1 | Bought a potion of heal wounds for 75 gold pieces
 41717 | Shoals:1 | Bought a potion of agility for 60 gold pieces
 41717 | Shoals:1 | Bought a potion of curing for 37 gold pieces
 41717 | Shoals:1 | Bought a potion of haste for 150 gold pieces
 42170 | Shoals:1 | Noticed Sap's ghost (journeyman TrMo)
 42171 | Shoals:1 | Found a large runed translucent door.
 42172 | Shoals:1 | Found a large runed translucent door.
 42291 | Shoals:1 | Identified the ring "Xausu" {+Blink rF+ Str+4 Dex+4 Stlth+}
                  | (You acquired it on level 1 of the Shoals)
 42291 | Shoals:1 | Identified the Guide on Igneous Air (You acquired it on
                  | level 1 of the Shoals)
 42332 | Shoals:1 | Found Yshreludgh's Antique Weapon Shop.
 42862 | Shoals:1 | Bought a slimy flail for 331 gold pieces
 42862 | Shoals:1 | Identified the +4 flail of Domination {venom, rPois Str+3
                  | Int+4} (You bought it in a shop on level 1 of the Shoals)
 44317 | Shoals:2 | Identified the +3 plate armour "Licafut" {rElec rF- rN++
                  | Regen+}
 44751 | Shoals:3 | Entered Level 3 of the Shoals
 45400 | Shoals:3 | Noticed Polyphemus
 45657 | Shoals:2 | Reached XP level 18. HP: 163/163 MP: 32/32
 45668 | Shoals:2 | Learned a level 9 spell: Fire Storm
 45857 | Shoals:2 | Learned a level 2 spell: Blink
 45940 | Shoals:2 | Reached skill level 1 in Translocations
 47124 | Shoals:3 | Killed Polyphemus
 47660 | Shoals:3 | Got a barnacled rune of Zot
 48488 | Vaults:1 | Entered Level 1 of the Vaults
 48658 | Vaults:1 | Noticed Rupert
 48664 | Vaults:1 | Killed Rupert
 48665 | Vaults:1 | Reached XP level 19. HP: 123/170 MP: 30/33
 48992 | Vaults:1 | Reached skill level 15 in Conjurations
 49066 | Vaults:1 | Noticed Frederick
 49511 | Vaults:1 | Noticed Asterion
 49513 | Vaults:1 | Noticed Saint Roka
 49527 | Vaults:1 | Killed Frederick
 49795 | Depths:1 | Entered Level 1 of the Depths
 49927 | Depths:1 | Noticed a rockslime
 49984 | Depths:1 | Killed a rockslime
 51130 | Depths:1 | Reached skill level 10 in Fire Magic
 51396 | Depths:1 | Found a gateway to Hell.
 51508 | Depths:1 | Found a runed gate.
 51508 | Depths:1 | Found a runed gate.
 51508 | Depths:1 | Found a runed gate.
 51508 | Depths:1 | Found a runed gate.
 51508 | Depths:1 | Found a runed gate.
 51508 | Depths:1 | Found a runed gate.
 51509 | Depths:1 | Found the +2 Maxwell's thermic engine {flame, freeze}
 51572 | Depths:1 | Found a one-way gate to the infinite horrors of the Abyss.
 52663 | Depths:1 | Found a one-way gate leading to the halls of Pandemonium.
 53844 | Depths:2 | Reached XP level 20. HP: 142/178 MP: 36/36
 54203 | Depths:2 | Blown up by a great orb of eyes

Skill      XL: |  1  2  3  4  5  6  7  8  9 10 11 12 13 14 15 16 17 18 19 |
---------------+----------------------------------------------------------+-----
Dodging        | 3 8 10 11 12 | 12.0
Fighting       | 4 8 9 10 15 | 15.0
Long Blades    | 4 5 6 |  6.0
Spellcasting   | 3 4 5 8 10 12 | 12.5
Throwing       | 1 |  1.0
Conjurations   | 1 4 7 10 12 14 15 | 15.0
Charms         | 1 3 4 |  4.0
Short Blades   | 4 6 9 |  9.2
Bows           | 3 8 12 14 | 14.0
Evocations     | 10 | 10.0
Fire Magic     | 6 11 | 11.8
Translocations | 2 |  2.0

Action                   |  1- 3 |  4- 6 |  7- 9 | 10-12 | 13-15 | 16-18 | 19-21 || total
-------------------------+-------+-------+-------+-------+-------+-------+-------++-------
Melee: Long sword        |   157 |   229 |    22 |       |       |       |       ||   408
       Tailslap          |    10 |    24 |     9 |    15 |     6 |       |       ||    64
       Dagger            |       |       |    63 |   168 |    40 |       |       ||   271
       Shortbow          |       |       |       |       |       |     2 |       ||     2
 Fire: Hunting sling     |       |       |   152 |    33 |       |       |       ||   185
       Shortbow          |       |       |       |   208 |  1075 |  1014 |   474 ||  2771
Throw: Tomahawk          |     5 |    18 |    13 |    46 |     2 |       |       ||    84
 Cast: Magic Dart        |       |   114 |    28 |    55 |    47 |     6 |       ||   250
       Lightning Bolt    |       |       |     2 |       |       |       |       ||     2
       Iskenderun's Batt |       |       |     5 |    22 |    12 |     2 |     1 ||    42
       Mephitic Cloud    |       |       |       |     9 |    35 |   105 |    30 ||   179
       Conjure Flame     |       |       |       |    16 |    16 |     1 |       ||    33
       Iskenderun's Myst |       |       |       |     7 |     7 |       |       ||    14
       Blink             |       |       |       |       |       |     1 |     8 ||     9
       Orb of Destructio |       |       |       |       |       |       |    44 ||    44
 Abil: Breathe Fire      |       |       |    31 |    40 |    34 |    33 |     5 ||   143
       Fly               |       |       |       |       |     1 |     1 |       ||     2
       Evoke Invisibilit |       |       |       |       |       |     7 |     1 ||     8
       Stop Flying       |       |       |       |       |       |     1 |       ||     1
Evoke: Wand              |       |       |     3 |     3 |     7 |     5 |     9 ||    27
       Phantom mirror    |       |       |       |       |       |       |     1 ||     1
  Use: Scroll            |     3 |     1 |     3 |    12 |    13 |    19 |     6 ||    57
       Potion            |       |       |       |     5 |     3 |    21 |    11 ||    40
 Stab: Paralysed         |       |     1 |       |       |     2 |       |       ||     3
       Invisible         |       |     1 |       |       |       |       |       ||     1
       Confused          |       |       |       |       |     1 |       |       ||     1
  Eat: Chunk             |     7 |     8 |    30 |    37 |    48 |    16 |    18 ||   164
       Ration            |       |     3 |       |     5 |     6 |    15 |     7 ||    36
Armor: Skin              |    56 |    57 |    63 |   107 |   109 |   152 |    41 ||   585
Dodge: Dodged            |   147 |   125 |   115 |   164 |   152 |   396 |    86 ||  1185
Block: Other             |       |     2 |     1 |       |       |    40 |    23 ||    66
       Reflection        |       |       |       |       |       |    13 |    11 ||    24
